 Dungeon Crawl Stone Soup version 0.23.2-40-g277498a001 (webtiles) character file.

Game seed: 10666620474120815345

3096 Marnok the Chopper (level 10, -11/74 HPs)
             Began as a Human Fighter on Oct 15, 2019.
             Was an Initiate of Wu Jian.
             Killed from afar by a fire dragon (51 damage)
             ... with a blast of flame
             ... on level 8 of the Dungeon.
             The game lasted 00:22:15 (7268 turns).

Marnok the Chopper (Human Fighter)                  Turns: 7268, Time: 00:22:16

Health: -11/74     AC: 12    Str: 19    XL:     10   Next: 13%
Magic:  10/10      EV:  9    Int:  9    God:    Wu Jian [......]
Gold:   465        SH: 12    Dex: 13    Spells: 9/9 levels left

rFire    x . .     SeeInvis .   o - +2 war axe (elec)
rCold    + + .     Gourm    .   c - +2 shield
rNeg     + . .     Faith    .   u - +0 ice dragon scales
rPois    .         Spirit   .   y - +0 helmet
rElec    .         Reflect  .   (no cloak)
rCorr    +         Harm     .   (no gloves)
MR       .....                  (no boots)
Stlth    ..........             p - amulet of the acrobat
HPRegen  0.22/turn              k - ring of resist corrosion
MPRegen  0.12/turn              n - ring of positive energy

@: no status effects
A: no striking features
a: Renounce Religion


You were on level 8 of the Dungeon.
You worshipped Wu Jian.
Wu Jian was noncommittal.
You were hungry.

You visited 2 branches of the dungeon, and saw 9 of its levels.

You collected 465 gold pieces.

Inventory:

Hand Weapons
 a - a +1 hand axe of chopping
 b - a +1 whip of flaming
 o - a +2 war axe of electrocution (weapon)
 A - a +2 dagger of draining
Missiles
 i - 2 tomahawks (quivered)
Armour
 c - a +2 shield (worn)
 u - +0 ice dragon scales (worn)
 y - a +0 helmet (worn)
Jewellery
 k - a ring of resist corrosion (left hand)
 n - a ring of positive energy (right hand)
 p - an amulet of the acrobat (around neck)
Wands
 w - a wand of disintegration (9)
 x - a wand of random effects (20)
Scrolls
 g - 6 scrolls of remove curse
 l - 5 scrolls of enchant armour
 q - a scroll of blinking
 r - a scroll of teleportation {unknown}
 B - a scroll of fog {unknown}
 C - a scroll of identify
Potions
 d - 3 potions of flight
 e - 3 potions of might
 h - a potion of cancellation
 j - a potion of resistance
 m - 2 potions of mutation {unknown}
 s - a potion of ambrosia {unknown}
 t - 2 potions of brilliance
 v - a potion of haste
 z - a potion of degeneration {unknown}
Comestibles
 f - 9 rations


   Skills:
 + Level 5.5 Fighting
 + Level 1.9 Short Blades
 + Level 7.9(8.3) Axes
   Level 3.4(6.1) Polearms
 + Level 6.0 Armour
 + Level 3.3 Dodging
 + Level 1.0 Stealth
 + Level 6.9 Shields


You had 9 spell levels left.
You didn't know any spells.
Your spell library contained the following spells:

 Spells                   Type           Power        Failure   Level  Hunger
 Animate Skeleton         Necr           N/A          98%         1    ##.....
 Apportation              Tloc           #.....       98%         1    ##.....
 Confusing Touch          Hex            #.....       98%         1    ##.....
 Summon Small Mammal      Summ           #...         98%         1    ##.....


Dungeon Overview and Level Annotations

Branches:
Dungeon (8/15)             Temple (1/1) D:6            Lair (0/6) D:8

Altars:
Ashenzari
Cheibriados
Elyvilon
Fedhas
Gozag
Hepliaklqana
Kikubaaqudgha
Makhleb
Sif Muna
Trog
Uskayaw
Vehumet
Wu Jian
Xom
The Shining One

Shops:
D:5 (

Annotations:
D:5 3 runed translucent doors, Volwe's ghost, novice HOFi


Message History

You block the fire dragon's attack.
You miss the adder.
The adder is almost dead.
You completely miss the sky beast.
Your ice dragon scales prevents you from hitting the fire dragon.
You block the adder's attack.
The sky beast hits you but does no damage.
The adder closely misses you. You block the fire dragon's attack.
The fire dragon claws you. The fire dragon tramples you.
You hold your ground!
You hit the adder.
You kill the adder!
The Council accepts your kill.
You hit the fire dragon. You closely miss the sky beast.
The sky beast flickers out of sight!
Deactivating autopickup; reactivate with Ctrl-A.
Something hits you but does no damage. The fire dragon breathes flames at you.
The blast of flame hits you!!! The fire burns you terribly!
Ouch! That really hurt!
You die...

##### #####...#
........#
..≈≈≈...#
≈≈≈≈.≈..#
§≈≈.≈≈..#######
≈≈>.≈§†........
§..≈≈≈D@{......
≈≈§≈≈...#######
≈≈§≈....#
........#
.##.###.# #.
#.# # #.# #.#


You could see a fire dragon.

Vanquished Creatures
  Pikel (D:5)
  Prince Ribbit (D:6)
  An orc warrior (D:7)
  An ice beast (D:6)
  A black bear (D:6)
  3 slaves (D:5)
  2 phantoms
  3 ogres
  3 centaurs
  3 bullfrogs (D:7)
  A water moccasin skeleton (D:6)
  4 killer bees (D:7)
  A howler monkey (D:6)
  2 crimson imps
  4 hounds
  A jelly (D:6)
  A gnoll shaman (D:6)
  4 orc priests
  2 centaur skeletons (D:6)
  5 orc wizards
  2 bullfrog skeletons (D:6)
  An iguana (D:5)
  Natasha (thrice) (D:2)
  A worker ant (D:4)
  A hound zombie (D:4)
  A howler monkey zombie (D:5)
  A worker ant zombie (D:7)
  3 gnolls (D:6)
  A howler monkey skeleton (D:4)
  12 adders
  A shadow imp (D:6)
  An ooze (D:2)
  3 worms
  A dart slug (D:1)
  6 leopard geckos
  25 orcs
  A ball python (D:7)
  3 giant cockroaches
  9 goblins
  3 hobgoblins
  4 jackals
  9 kobolds
  4 quokkas
  6 bats
  8 frilled lizards
  A leopard gecko skeleton (D:5)
  A leopard gecko zombie (D:5)
  A quokka skeleton (D:6)
  3 rats
160 creatures vanquished.

Vanquished Creatures (others)
  A fungus (D:5)
  3 plants (D:5)
4 creatures vanquished.

Grand Total: 164 creatures vanquished

Notes
Turn   | Place    | Note
-------+----------+-------------------------------------------
     0 | D:1      | Marnok the Human Fighter began the quest for the Orb.
     0 | D:1      | Reached XP level 1. HP: 18/18 MP: 1/1
    69 | D:1      | Reached XP level 2. HP: 22/24 MP: 2/2
  1023 | D:2      | Found a hide-covered altar of Uskayaw.
  1024 | D:2      | Reached XP level 3. HP: 28/29 MP: 3/3
  1045 | D:2      | Noticed Natasha
  1061 | D:2      | Killed Natasha
  1061 | D:2      | Reached XP level 4. HP: 33/35 MP: 4/4
  1271 | D:2      | Noticed Natasha
  1285 | D:2      | Killed Natasha
  1640 | D:2      | Found an ancient bone altar of Kikubaaqudgha.
  1640 | D:2      | Found a bloodstained altar of Trog.
  1853 | D:2      | Reached XP level 5. HP: 41/41 MP: 5/5
  1889 | D:2      | Noticed Natasha
  1897 | D:2      | Killed Natasha
  2081 | D:3      | Found a radiant altar of Vehumet.
  2597 | D:3      | Reached XP level 6. HP: 41/47 MP: 6/6
  2794 | D:4      | Noticed a hippogriff
  3431 | D:5      | Entered Level 5 of the Dungeon
  3493 | D:4      | Reached skill level 1 in Short Blades
  3501 | D:4      | Reached skill level 1 in Dodging
  3662 | D:4      | Noticed an ogre
  3665 | D:4      | Killed an ogre
  3665 | D:4      | Reached skill level 5 in Shields
  3665 | D:4      | Reached XP level 7. HP: 53/53 MP: 7/7
  3766 | D:4      | Reached skill level 1 in Axes
  3933 | D:4      | You fall through a shaft for 3 floors!
  3996 | D:6      | Reached skill level 2 in Axes
  4029 | D:5      | Found a runed translucent gate.
  4029 | D:5      | Found a runed translucent gate.
  4029 | D:5      | Found a runed translucent gate.
  4029 | D:5      | Noticed Volwe's ghost (novice HOFi)
  4412 | D:5      | Noticed Pikel
  4431 | D:5      | Killed Pikel
  4431 | D:5      | Reached skill level 4 in Axes
  4431 | D:5      | Reached XP level 8. HP: 5/61 MP: 8/8
  4790 | D:5      | Found Ityneo's Antique Weapon Emporium.
  5204 | D:5      | Reached skill level 5 in Armour
  5498 | D:6      | Found a shattered altar of Ashenzari.
  5600 | D:6      | Noticed Prince Ribbit
  5613 | D:6      | Killed Prince Ribbit
  5613 | D:6      | Reached skill level 5 in Axes
  5613 | D:6      | Reached skill level 1 in Stealth
  5613 | D:6      | Reached XP level 9. HP: 43/67 MP: 9/9
  5640 | D:6      | Reached skill level 5 in Fighting
  5985 | D:6      | Reached skill level 6 in Axes
  6223 | D:6      | Found a staircase to the Ecumenical Temple.
  6237 | Temple   | Entered the Ecumenical Temple
  6283 | Temple   | Became a worshipper of the Wu Jian Council
  6600 | D:7      | Reached skill level 7 in Axes
  6780 | D:7      | Reached XP level 10. HP: 74/74 MP: 10/10
  6950 | D:7      | Found a snail-covered altar of Cheibriados.
  7046 | D:8      | Found a staircase to the Lair.
  7046 | D:8      | Noticed a fire dragon
  7268 | D:8      | Killed from afar by a fire dragon

Skill      XL: |  1  2  3  4  5  6  7  8  9 |
---------------+----------------------------+-----
Polearms       | 3 |  3.4
Shields        | 4 5 6 |  6.9
Short Blades   | 1 |  1.9
Dodging        | 1 2 3 |  3.3
Axes           | 4 5 7 |  7.9
Armour         | 4 5 6 |  6.0
Fighting       | 4 5 |  5.5
Stealth        | 1 |  1.0

Action                   |  1- 3 |  4- 6 |  7- 9 | 10-12 || total
-------------------------+-------+-------+-------+-------++-------
Melee: Trident           |    62 |    94 |       |       ||   156
       Dagger            |       |   187 |       |       ||   187
       War axe           |       |    15 |   218 |    19 ||   252
Throw: Tomahawk          |       |     2 |       |       ||     2
Invok: Lunge             |       |       |     5 |     2 ||     7
  Use: Potion            |     3 |     2 |     3 |       ||     8
       Scroll            |       |    10 |     3 |       ||    13
  Eat: Chunk             |       |     6 |    10 |     1 ||    17
       Ration            |       |     1 |       |       ||     1
Armor: Scale mail        |    38 |   155 |    14 |       ||   207
       Ice dragon scales |       |       |    60 |    19 ||    79
       Skin              |       |       |     2 |       ||     2
Dodge: Dodged            |    15 |    86 |    84 |    13 ||   198
Block: Shield            |    22 |   188 |   137 |    20 ||   367
